 Dungeon Crawl Stone Soup version 0.21-a0-538-gd16b88a (webtiles) character file.

8 theanonym the Skirmisher (level 2, 15/24 HPs)
             Began as a Demonspawn Monk on Dec 16, 2017.
             Quit the game on level 1 of the Dungeon.
             The game lasted 00:00:24 (167 turns).

theanonym the Skirmisher (Demonspawn Monk)           Turns: 167, Time: 00:00:25

Health: 15/24      AC:  2    Str: 11    XL:     2   Next: 0%
Magic:  2/2        EV: 13    Int: 11    God:
Gold:   0          SH:  0    Dex: 15    Spells: 1/1 levels left

rFire    . . .     SeeInvis .     - Unarmed
rCold    . . .     Gourm    .   (no shield)
rNeg     . . .     Faith    .   a - +0 robe {0}
rPois    .         Spirit   .   (no helmet)
rElec    .         Reflect  .   (no cloak)
rCorr    .         Harm     .   (no gloves)
MR       .....                  (no boots)
Stlth    ++........             (no amulet)
HPRegen  0.08/turn              (no ring)
MPRegen  0.08/turn              (no ring)

@: no status effects
A: powered by pain 1
a: no special abilities


Innate Abilities, Weirdness & Mutations

You sometimes gain a little power by taking damage.


   Skills:
 + Level 3.1 Fighting
 - Level 2.6 Dodging
 - Level 1.7 Stealth
 * Level 3.1 Unarmed Combat


You had one spell level left.
You didn't know any spells.

Skill      XL: |  1 |
---------------+----+-----
Unarmed Combat | 3 |  3.1
Fighting       | |  3.1
Dodging        | |  2.6
Stealth        | |  1.7

Action                   || total
-------------------------++-------
Melee: Unarmed           ||    31
 Stab: Sleeping          ||     1
Armor: Robe              ||     3
Dodge: Dodged            ||    16

Inventory:

Armour
 a - a +0 robe (worn) {0}
Scrolls
 b - a scroll of identify {unknown}
Comestibles
 c - 4 chunks of flesh
 e - a bread ration


You were on level 1 of the Dungeon.
You were not hungry.

You visited 1 branch of the dungeon, and saw 1 of its levels.

Dungeon Overview and Level Annotations

Branches:
Dungeon (1/15)

Altars:


Message History

No target in view!
You start resting.
Health restored: 18
b - a scroll labeled DAEMUGR DYKASM A goblin comes into view.
It is wielding a dagger.
A goblin is nearby!
A goblin is nearby!
A goblin is nearby!
A goblin is nearby!
A leopard gecko comes into view.
The leopard gecko hisses angrily.
You hit the goblin. The goblin barely misses you.
You closely miss the goblin. The goblin misses you.
You hit the goblin.
You kill the goblin!
The leopard gecko misses you.
You miss the leopard gecko.
The leopard gecko bites you but does no damage.
You barely miss the leopard gecko. The leopard gecko closely misses you.
You hit the leopard gecko. The leopard gecko closely misses you.
You barely miss the leopard gecko. The leopard gecko closely misses you.
You barely miss the leopard gecko. The leopard gecko bites you.
You take 2 damage, and have 16/18 hp.
You hit the leopard gecko.
You kill the leopard gecko!
No target in view!
No target in view!
You butcher the leopard gecko corpse.
c - a chunk of flesh
Things that are here:
a dagger; a goblin corpse You butcher the goblin corpse.
c - 3 chunks of flesh (gained 2)
You see here a dagger. x2
A rat comes into view.
A rat is nearby!
A rat is nearby!
A rat is nearby!
You hit the rat.
You kill the rat!
No target in view!
No target in view!
No target in view!
You start resting.
Health restored: 18 You butcher the rat corpse.
c - 4 chunks of flesh (gained 1)
You see here a rat skeleton. x2
A rat comes into view.
A rat is nearby!
A rat is nearby!
A rat is nearby!
The rat closely misses you.
You closely miss the rat. The rat bites you.
You take 3 damage, and have 15/18 hp.
You hit the rat. The rat barely misses you.
You hit the rat.
You kill the rat!
Your Unarmed Combat skill increases to level 3!
No target in view!
No target in view!
No target in view!
You start resting.
Health restored: 18 You open the door.
A kobold comes into view. It is wielding a club.
A kobold is nearby!
A kobold is nearby!
A kobold is nearby!
There is an open door here.
The helpless kobold fails to defend itself.
You hit the kobold but do no damage. The kobold misses you.
You hit the kobold. The kobold closely misses you.
You hit the kobold but do no damage. You hit the kobold.
The kobold barely misses you.
You hit the kobold.
You kill the kobold!
No target in view!
No target in view!
Things that are here:
a club; a kobold corpse A hobgoblin comes into view.
A hobgoblin is nearby!
A hobgoblin is nearby!
The hobgoblin shouts!
You hit the hobgoblin but do no damage. You hit the hobgoblin but do no damage.
The hobgoblin hits you.
You take 3 damage, and have 15/18 hp.
You hit the hobgoblin. The hobgoblin hits you.
You take 4 damage, and have 11/18 hp.
MASSIVE DAMAGE!!
You hit the hobgoblin. The hobgoblin closely misses you.
You closely miss the hobgoblin. The hobgoblin closely misses you.
You closely miss the hobgoblin. The hobgoblin barely misses you.
You hit the hobgoblin.
You kill the hobgoblin!
You have reached level 2!
Your demonic ancestry asserts itself...
You feel energised by your suffering.
You regained 4 hp, and now have 15/24 hp.
MP restored: 2

#....)...'........
#.########........ #.#
#.###.... #.# #.##.÷...
#######.########.##.....
........................
#######.########.##..###
#.# #....##..# #@#
#....##..### #†#
#....+...... #.#
#....##..##. ...
+........##. #..
#...)....... #..#
#....###.##. #... ######
#.# #.#. #.# #.#


There were no monsters in sight!

Notes
Turn   | Place    | Note
-------+----------+-------------------------------------------
     0 | D:1      | theanonym the Demonspawn Monk began the quest for the Orb.
     0 | D:1      | Reached XP level 1. HP: 18/18 MP: 1/1
    92 | D:1      | Reached skill level 3 in Unarmed Combat
   166 | D:1      | Gained mutation: You sometimes gain a little power by taking damage. [demonic ancestry]
   166 | D:1      | Reached XP level 2. HP: 15/24 MP: 2/2
   167 | D:1      | Quit the game

Vanquished Creatures
  A leopard gecko (D:1)
  A giant cockroach (D:1)
  A hobgoblin (D:1)
  A kobold (D:1)
  A goblin (D:1)
  2 rats (D:1)
7 creatures vanquished.

Table legend:
 A = Turns spent in this place as a percentage of turns spent in the entire game.
 B = Non-inter-level travel turns spent in this place as a percentage of non-inter-level travel turns spent in the entire game.
 C = Inter-level travel turns spent in this place as a percentage of turns spent in this place.
 D = Turns resting spent in this place as a percentage of non-inter-level travel turns spent in this place.
 E = Turns spent auto-exploring this place as a percentage of non-inter-level travel turns spent in this place.
 F = Non-inter-level travel turns spent in this place divided by the number of levels of this place that you've seen.
                   A       B       C       D       E      F
               +-------+-------+-------+-------+-------+----------------------
         Total | 100.0 | 100.0 |   0.0 |  46.1 |  19.8 | 167.0
       Dungeon | 100.0 | 100.0 |   0.0 |  46.1 |  19.8 | 167.0
               +-------+-------+-------+-------+-------+----------------------
